 Dungeon Crawl Stone Soup version 0.29.1-15-g9cfb28693d (webtiles) character file.

Game seed: 18202816932646171490

1467 PhantomBowie the Chopper (level 8, -4/73 HPs)
             Began as a Hill Orc Fighter on Mar 12, 2023.
             Slain by a gnoll sergeant
             ... wielding a +2 trident of distortion
              (12 damage)
             ... on level 9 of the Dungeon.
             The game lasted 00:20:57 (6528 turns).

PhantomBowie the Chopper (Hill Orc Fighter)         Turns: 6528, Time: 00:20:59

Health: -4/73      AC: 18    Str: 20    XL:     8   Next: 77%
Magic:  8/8        EV:  9    Int:  7    God:
Gold:   348        SH:  5    Dex: 11    Spells: 7/7 levels left

rFire   . . .      SeeInvis .   a - +0 war axe
rCold   . . .      Faith    .   c - +0 buckler
rNeg    + . .      Spirit   .   b - +0 scale mail
rPois   +          Reflect  .   y - +2 helmet
rElec   .          Harm     .   z - +2 ratskin cloak {*Rats rPois rN+ Str-1 Int-1 Dex+1}
rCorr   .          Rampage  .   (no gloves)
Will    .....                   (no boots)
Stlth   ..........              (no amulet)
HPRegen 0.22/turn               x - +4 ring of protection
MPRegen 0.11/turn               (no ring)

@: no status effects
A: no striking features
a: no special abilities


You were on level 9 of the Dungeon.
You visited 1 branch of the dungeon, and saw 7 of its levels.

You collected 348 gold pieces.

Inventory:

Hand Weapons
 a - a +0 war axe (weapon)
Missiles
 e - 12 poisoned darts (quivered)
Armour
 b - a +0 scale mail (worn)
 c - a +0 buckler (worn)
 y - a +2 helmet (worn)
 z - the +2 ratskin cloak (worn) {*Rats rPois rN+ Str-1 Int-1 Dex+1}
   (You found it on level 5 of the Dungeon)

   When the wearer is hurt, rats may emerge from it to assist them.
   Str:       It affects your strength (-1).
   Int:       It affects your intelligence (-1).
   Dex:       It affects your dexterity (+1).
   rPois:     It protects you from poison.
   rN:        It protects you from negative energy.
Jewellery
 x - a +4 ring of protection (left hand)
Wands
 w - a wand of digging (6)
Scrolls
 f - 2 scrolls of enchant weapon
 g - a scroll of blinking {unknown}
 h - 2 scrolls of enchant armour
 i - a scroll of fog {unknown}
 j - a scroll of fear {unknown}
 l - 2 scrolls of immolation
 m - a scroll of torment {unknown}
 n - a scroll of magic mapping {unknown}
 o - a scroll of summoning {unknown}
 s - 2 scrolls of noise {unknown}
 B - a scroll of amnesia {unknown}
 C - 2 scrolls of poison {unknown}
Potions
 d - a potion of might
 p - a potion of brilliance {unknown}
 q - a potion of flight {unknown}
 r - 2 potions of attraction {unknown}
 t - 3 potions of cancellation
 u - a potion of heal wounds {unknown}
 v - 4 potions of curing
 A - a potion of degeneration {unknown}


   Skills:
 + Level 7.3 Fighting
 + Level 7.4 Axes
 + Level 6.6 Armour
 + Level 6.6 Shields


You had 7 spell levels left.
You didn't know any spells.
Your spell library contained the following spells:

 Spells                   Type           Power      Damage    Failure   Level
 Magic Dart               Conj           0%         1d3       83%         1
 Summon Small Mammal      Summ           0%         N/A       83%         1
 Searing Ray              Conj           0%         2d4       93%         2
 Call Canine Familiar     Summ           0%         N/A       99%         3
 Inner Flame              Hex/Fire       0%         N/A       99%         3
 Summon Guardian Golem    Hex/Summ       0%         N/A       99%         3
 Cause Fear               Hex            0%         N/A       100%        4
 Fulminant Prism          Conj/Hex       0%         3d6       100%        4
 Discord                  Hex            0%         N/A       100%        8


Dungeon Overview and Level Annotations

Branches:
Dungeon (6/15)
 Temple: D:4-7

Altars:
Cheibriados
Kikubaaqudgha
Ru

Shops:
D:4 :

Annotations:
D:2 1 runed translucent door, Crazy Yiuf


Message History

You slash the gnoll!
The gnoll is heavily wounded.
The gnoll hits you with a +0 whip.
You slash the gnoll!
You kill the gnoll!
The gnoll sergeant hits you from afar with a +2 trident of distortion.
Space warps around you.
The gnoll sergeant hits you with a +2 trident of distortion!
A river rat scurries out from under your cloak.
The gnoll hits you from afar with a +0 spear.
Things that are here:
a +0 whip; a gnoll corpse You hit the gnoll sergeant but do no damage.
The gnoll sergeant hits you but does no damage.
You blink.
The gnoll hits you but does no damage. The gnoll completely misses you.
The gnoll hits you but does no damage. The gnoll barely misses you.
The gnoll sergeant hits you from afar with a +2 trident of distortion.
Space warps horribly around you! The gnoll hits you but does no damage.
The gnoll sergeant hits you from afar with a +2 trident of distortion.
Space warps horribly around you!!
Your river rat bites the gnoll sergeant.
Your river rat bites the gnoll.
Your river rat barely misses the gnoll.
The gnoll sergeant hits you but does no damage.
Space warps around you.
The gnoll hits you from afar with a +0 spear.
* * * LOW HITPOINT WARNING * * *
The gnoll sergeant hits you but does no damage.
Space warps horribly around you!
* * * LOW HITPOINT WARNING * * *
The gnoll barely misses you. The gnoll hits you but does no damage.
Your river rat bites the gnoll sergeant but does no damage.
You slash the gnoll!
You kill the gnoll!
You hit the gnoll sergeant but do no damage.
The gnoll sergeant hits you with a +2 trident of distortion.
* * * LOW HITPOINT WARNING * * *
Space warps horribly around you!
You die...

##############
#............#
#............#
#............#
#..gr........#
#.@)g........#
#...>........+
#............#
#............#
#............#
#.......[....#
##########'###
#..ยง.#
#####r#######


You could see a gnoll sergeant (ally target), a gnoll and a friendly river rat.

Vanquished Creatures
  Pargi (D:4)
  2 ogres
  A phantom (D:4)
  A kobold brigand (D:9)
  A bullfrog (D:4)
  3 scorpions
  A howler monkey (D:4)
  An orc priest (D:4)
  4 hounds
  2 jellies (D:5)
  Terence (D:3)
  2 iguanas
  4 hell rats (D:5)
  Robin (D:4)
  9 adders
  2 gnolls (D:9)
  19 river rats (D:5)
  A shadow imp (D:4)
  A worm (D:2)
  3 dart slugs
  14 orcs
  4 bats
  4 endoplasms
  6 giant cockroaches
  13 goblins
  17 hobgoblins
  7 jackals
  5 kobolds
  3 quokkas
  3 ball pythons
  7 frilled lizards
  7 rats
  3 bushes (D:4)
153 creatures vanquished.

Vanquished Creatures (collateral kills)
  A white imp (D:6)
1 creature vanquished.

Vanquished Creatures (others)
  6 plants (D:4)
6 creatures vanquished.

Grand Total: 160 creatures vanquished

Notes
Turn   | Place    | Note
-------+----------+-------------------------------------------
     0 | D:1      | PhantomBowie the Hill Orc Fighter began the quest for the
                  | Orb.
     0 | D:1      | Reached XP level 1. HP: 19/19 MP: 1/1
   210 | D:1      | Reached XP level 2. HP: 17/27 MP: 2/2
   583 | D:1      | Reached XP level 3. HP: 31/33 MP: 3/3
   625 | D:1      | Found a faded altar of an unknown god.
  1531 | D:2      | Reached XP level 4. HP: 32/40 MP: 4/4
  1696 | D:2      | Found a runed translucent door.
  1697 | D:2      | Noticed Crazy Yiuf
  2486 | D:3      | Noticed Terence
  2523 | D:3      | Killed Terence
  2524 | D:3      | Reached XP level 5. HP: 46/47 MP: 5/5
  3002 | D:4      | Found Unabu's Book Shop.
  3012 | D:4      | Reached skill level 5 in Fighting
  3012 | D:4      | Reached XP level 6. HP: 45/56 MP: 6/6
  3236 | D:4      | Reached skill level 5 in Axes
  3338 | D:4      | Noticed Robin
  3354 | D:4      | Killed Robin
  3650 | D:4      | Found an ancient bone altar of Kikubaaqudgha.
  3939 | D:4      | Noticed Pargi
  4113 | D:4      | Reached skill level 5 in Armour
  4113 | D:4      | Reached skill level 5 in Shields
  4113 | D:4      | Reached XP level 7. HP: 52/61 MP: 7/7
  4377 | D:4      | Killed Pargi
  5102 | D:5      | Entered Level 5 of the Dungeon
  5277 | D:5      | Reached XP level 8. HP: 71/71 MP: 8/8
  5568 | D:5      | Found the +2 ratskin cloak {*Rats rPois rN+ Str-1 Int-1
                  | Dex+1}
  6172 | D:6      | Found a snail-covered altar of Cheibriados.
  6172 | D:6      | Found a sacrificial altar of Ru.
  6401 | D:6      | You fall into a shaft and drop 3 floors!
  6528 | D:9      | Slain by a gnoll sergeant

Illustrated notes

Levels and vault maps discovered:
D:1:      dpeg_arrival_radiant, layout_basic,
          ebering_ecumenical_altar_sacrificial
D:2:      layout_loops_ring, uniq_crazy_yiuf_cottage
D:3:      layout_rooms, uniq_terence
D:4:      layout_loops_corners, kiku_gazebo_garden_becter, serial_forest,
          infiniplex_forest_zigzag_1, infiniplex_forest_3_way,
          infiniplex_forest_end_2, infiniplex_forest_end_2,
          infiniplex_forest_lined_room_2, infiniplex_forest_clump_double,
          infiniplex_forest_clump_tiny, infiniplex_forest_lined_3, serial_shops,
          nicolae_stop_n_shop_1, minmay_misc_feat_four_crosses, uniq_robin,
          uniq_pargi
D:5:      wander_guarded_unrand_ratskin, layout_rooms, minmay_strange_pillars,
          eino_tiny_chamber
D:6:      layout_loops_cross, jmf_multi_god_temple, nicolae_overflow_squiral,
          serial_co_window_serial, co_window_paths_b, co_window_cross_1,
          co_window_paths_b, co_window_paths_a, co_window_corner_a,
          co_window_broadway_a, co_window_paths_c, co_window_of_opportunity_b,
          co_window_4corner_a, glass_columns_a, glass_columns_b,
          glass_columns_a, glass_columns_b, serial_shops, shop,
          nicolae_lakefront_shop, nicolae_stop_n_shop_2
D:9:      layout_roguey

Skill      XL: |  1  2  3  4  5  6  7  8 |
---------------+-------------------------+-----
Axes           | 3 4 5 6 7 |  7.4
Fighting       | 4 5 6 7 |  7.3
Armour         | 4 5 6 |  6.6
Shields        | 4 5 6 |  6.6

Action                   |  1- 3 |  4- 6 |  7- 9 || total
-------------------------+-------+-------+-------++-------
Melee: War axe           |    87 |   193 |   340 ||   620
Throw: Dart              |       |     1 |     5 ||     6
  Use: Scroll            |       |       |     5 ||     5
Armor: Scale mail        |    34 |    72 |   124 ||   230
Dodge: Dodged            |    32 |    91 |    90 ||   213
Block: Buckler           |    12 |    42 |    46 ||   100
